 Dungeon Crawl Stone Soup version 0.27.0-1-g7a089689b8 (webtiles) character file.

Game seed: 3563757854952846122

4 MajorAdolf the Sneak (level 1, -1/22 HPs)
             Began as a Naga Wanderer on Aug 10, 2021.
             Slain by a frilled lizard (2 damage)
             ... on level 1 of the Dungeon.
             The game lasted 00:00:54 (64 turns).

MajorAdolf the Sneak (Naga Wanderer)                  Turns: 64, Time: 00:00:55

Health: -1/22      AC:  1    Str: 15    XL:     1   Next: 60%
Magic:  1/1        EV:  9    Int: 12    God:
Gold:   14         SH:  0    Dex:  9    Spells: 0/0 levels left

rFire    . . .     SeeInvis +   a - +2 dagger
rCold    . . .     Faith    .   (no shield)
rNeg     . . .     Spirit   .   e - +0 robe
rPois    +         Reflect  .   (no helmet)
rElec    .         Harm     .   (no cloak)
rCorr    .         Rampage  .   (no gloves)
Will     .....                  (no barding)
Stlth    ++........             (no amulet)
HPRegen  0.07/turn              (no ring)
MPRegen  0.07/turn              (no ring)

@: very slow
A: AC +0, large, see invisible, deformed body, poison resistance, slowness 2,
spit poison 1, naga tail 1
a: Spit Poison


You were on level 1 of the Dungeon.
You visited 1 branch of the dungeon, and saw 1 of its levels.

You collected 14 gold pieces.

Inventory:

Hand Weapons
 a - a +2 dagger (weapon)
Armour
 e - a +0 robe (worn)
Potions
 b - a potion of berserk rage
 c - a potion of curing
 d - a potion of lignification


   Skills:
 - Level 4.0 Fighting
 + Level 1.1 Short Blades
 - Level 1.0 Dodging
 - Level 4.4 Stealth
 - Level 1.0 Unarmed Combat
 - Level 1.0 Evocations


You couldn't memorise any spells.
You didn't know any spells.
Your spell library was empty.

Dungeon Overview and Level Annotations

Branches:
Dungeon (1/15)

Altars:


Innate Abilities, Weirdness & Mutations

Your serpentine skin is tough. (AC +0)
You have supernaturally acute eyesight. (SInv)
Armour fits poorly on your strangely shaped body.
Your system is resistant to poisons. (rPois)
You cover ground very slowly.
You can spit poison.
You have a snake-like lower body.


Message History

A goblin comes into view. It is wielding a +0 club.
Found a stone staircase leading down.
You hit the rat.
The rat is severely wounded.
The rat closely misses you.
You hit the rat.
You kill the rat!
Your Short Blades skill increases to level 1!
A hobgoblin comes into view.
The goblin shouts!
A bat comes into view.
A frilled lizard comes into view.
The goblin hits you with a +0 club. The hobgoblin hits you.
You barely miss the goblin.
The frilled lizard hisses angrily.
The goblin closely misses you. The bat barely misses you.
The hobgoblin hits you.
You barely miss the goblin. The bat barely misses you.
The goblin barely misses you.
The hobgoblin hits you but does no damage.
You hit the goblin.
You kill the goblin!
The bat closely misses you. The frilled lizard bites you. The bat hits you.
The hobgoblin hits you.
* * * LOW HITPOINT WARNING * * *
You are too injured to fight recklessly!
There are monsters nearby!
There are monsters nearby!
Unknown command.
You hit the hobgoblin but do no damage. The bat closely misses you.
The frilled lizard bites you but does no damage.
You closely miss the hobgoblin. The bat barely misses you.
The hobgoblin hits you.
* * * LOW HITPOINT WARNING * * *
The frilled lizard barely misses you. The bat closely misses you.
Press: ? - help, Shift-Dir - straight line, f - hobgoblin
Aim: a hobgoblin You fail to use your ability.
The bat hits you.
* * * LOW HITPOINT WARNING * * *
The hobgoblin barely misses you. The frilled lizard bites you.
You die...

###+##### ........# .#
........# .######
...>....+ ........
........#+#......
......)........#
......g@.......#
......lb.......#
...............#
....!..?!......#
...........$...#
...............#
...........)...######..
.......................
......................


You could see a hobgoblin, a bat and a frilled lizard.

Vanquished Creatures
  2 giant cockroaches (D:1)
  A goblin (D:1)
  A rat (D:1)
4 creatures vanquished.

Notes
Turn   | Place    | Note
-------+----------+-------------------------------------------
     0 | D:1      | MajorAdolf the Naga Wanderer began the quest for the Orb.
     0 | D:1      | MajorAdolf set off with the following items: a +2 dagger, a
                  | potion of berserk rage, a potion of curing, a potion of
                  | lignification, a +0 robe
     0 | D:1      | Reached XP level 1. HP: 22/22 MP: 1/1
    56 | D:1      | Reached skill level 1 in Short Blades
    64 | D:1      | HP: 1/22 [bat (1)]
    64 | D:1      | Slain by a frilled lizard

Illustrated notes

Levels and vault maps discovered:
D:1:      eino_arrival_druids_welcome, layout_basic, serial_shops, shop,
          kennysheep_small_spiral, chequers_avenue

Skill      XL: |  1 |
---------------+----+-----
Short Blades   | 1 |  1.1
Fighting       | |  4.0
Dodging        | |  1.0
Stealth        | |  4.4
Unarmed Combat | |  1.0
Evocations     | |  1.0

Action                   || total
-------------------------++-------
Melee: Dagger            ||    12
 Stab: Sleeping          ||     1
Armor: Robe              ||     2
Dodge: Dodged            ||    15
